Map: 이터널 엠파이어 - 래더

Players

Trap - Winner!

  • Race: Protoss Protoss
  • Spawn Location: 1:00

Hellraiser

  • Race: Protoss Protoss
  • Spawn Location: 7:00

Event: IEM Katowice 2020

VOD

Have the link to the VOD?

Description

Time

  • Played on: Feb. 25, 2020, 10:30 a.m.
  • Length: 7:39

All games in this series

Show
View Real Time Build Order
Export as new Build Order

Trap Protoss - Winner!

Build Orders: Phoenix Opening 

Get SALT Encoding   

  12  0:00  Probe  
  13  0:12  Probe  
  14  0:18  Pylon  
  14  0:24  Probe (Chrono Boost)  
  15  0:36  Probe (Chrono Boost)  
  15  0:37  Gateway  
  16  0:44  Probe (Chrono Boost)  
  16  0:46  Assimilator  
  17  0:50  Probe  
  17  0:54  Assimilator  
  18  1:03  Probe (Chrono Boost)  
  19  1:07  Gateway  
  19  1:13  Probe (Chrono Boost)  
  19  1:18  Probe (Chrono Boost)  
  20  1:24  Cybernetics Core  
  21  1:29  Probe  
  22  1:35  Pylon  
  22  1:41  Probe  
  23  1:53  Probe  
  24  2:00  Warp Gate, Adept x2  
  28  2:16  Pylon  
  28  2:30  Sentry  
  28  2:34  Probe, Sentry  
  33  2:42  Nexus  
  33  2:46  Probe  
  34  2:56  Sentry  
  36  3:00  Stalker  
  36  3:05  Probe, Pylon  
  39  3:10  Phoenix  
  39  3:19  Robotics Facility  
  39  3:23  Probe (Chrono Boost)  
  40  3:28  Shield Battery  
  40  3:33  Probe (Chrono Boost)  
  41  3:38  Probe (Chrono Boost)  
  42  3:49  Probe (Chrono Boost)  
  44  3:56  Probe (Chrono Boost)  
  44  3:59  Probe (Chrono Boost)  
  46  4:03  Probe (Chrono Boost)  
  46  4:04  Forge  
  46  4:06  Probe (Chrono Boost), Warp Prism  
  46  4:08  Probe (Chrono Boost)  
  51  4:17  Pylon  
  51  4:21  Probe x2 (Chrono Boost)  
  52  4:26  Probe (Chrono Boost)  
  52  4:28  Probe (Chrono Boost)  
  52  4:30  Pylon  
  54  4:36  Probe  
  54  4:37  Stalker x2  
  59  4:40  Protoss Ground Weapons Level 1  
  59  4:43  Probe, Observer  
  61  4:48  Probe, Assimilator  
  61  4:49  Assimilator  
  62  4:58  Stargate  
  62  4:59  Pylon  
  62  5:03  Probe x2  
  64  5:11  Adept x2  
  68  5:19  Pylon  
  72  5:21  Immortal (Chrono Boost)  
  72  5:32  Stalker x2  
  73  5:47  Probe x2  
  72  5:53  Void Ray (Chrono Boost)  
  76  5:58  Immortal (Chrono Boost)  
  80  6:05  Gateway x2  
  80  6:14  Stalker x2  
  84  6:19  Shield Battery  
  84  6:27  Immortal (Chrono Boost)  
  88  6:37  Stalker x2  
  88  6:39  Observer  
  92  6:47  Shield Battery  
  92  6:54  Twilight Council  
  92  6:56  Pylon  
  92  7:08  Pylon  
  92  7:09  Pylon  
  78  7:24  Adept x4  
Show
View Real Time Build Order
Export as new Build Order

Hellraiser Protoss 

Build Orders: Phoenix Opening, Colossus Rush 

Get SALT Encoding   

  12  0:00  Probe  
  13  0:12  Probe  
  14  0:17  Pylon  
  14  0:24  Probe (Chrono Boost)  
  15  0:36  Probe (Chrono Boost)  
  15  0:37  Gateway  
  16  0:44  Probe (Chrono Boost)  
  16  0:46  Assimilator  
  17  0:51  Probe  
  17  0:55  Assimilator  
  18  1:03  Probe (Chrono Boost)  
  19  1:11  Gateway  
  19  1:12  Probe (Chrono Boost)  
  19  1:17  Probe (Chrono Boost)  
  20  1:25  Cybernetics Core  
  21  1:29  Probe  
  22  1:37  Pylon  
  22  1:41  Probe  
  23  1:55  Probe  
  23  2:01  Warp Gate, Sentry, Stalker  
  28  2:07  Pylon  
  28  2:09  Probe  
  29  2:27  Sentry  
  31  2:31  Stalker  
  32  2:45  Phoenix  
  32  2:46  Nexus  
  32  2:52  Shield Battery  
  32  2:56  Sentry  
  36  3:08  Shield Battery  
  36  3:09  Probe  
  35  3:14  Stalker  
  37  3:21  Probe  
  38  3:31  Pylon  
  38  3:35  Robotics Facility  
  38  3:37  Probe  
  39  3:49  Probe (Chrono Boost)  
  39  3:51  Stalker  
  39  3:52  Stalker  
  44  3:59  Probe (Chrono Boost)  
  46  4:03  Probe (Chrono Boost)  
  46  4:08  Probe (Chrono Boost)  
  46  4:09  Probe (Chrono Boost)  
  47  4:13  Probe (Chrono Boost)  
  49  4:17  Probe  
  49  4:20  Warp Prism (Chrono Boost)  
  52  4:25  Probe  
  52  4:29  Probe  
  54  4:32  Robotics Bay  
  54  4:36  Stalker  
  54  4:38  Probe  
  57  4:42  Probe  
  58  4:46  Pylon  
  58  4:50  Probe  
  59  4:54  Probe  
  60  5:00  Pylon  
  60  5:06  Adept x2  
  64  5:16  Colossus (Chrono Boost)  
  64  5:18  Gateway  
  64  5:20  Gateway  
  70  5:23  Gateway  
  66  5:44  Stalker x2  
  66  5:51  Assimilator  
  66  5:52  Gateway  
  64  6:00  Disruptor (Chrono Boost)  
  64  6:02  Gateway  
  67  6:06  Gateway  
  67  6:08  Stalker  
  67  6:09  Probe  
  71  6:11  Pylon  
  71  6:15  Gateway  
  71  6:20  Adept x4  
  71  6:22  Pylon  
  78  6:31  Disruptor (Chrono Boost)  
  73  6:48  Adept x5  
  81  7:11  Adept x2  
  81  7:12  Adept x4  
  71  7:35  Stalker x4  

Tags
 
Add a new tag
Caveats
  • Supply blocks, unpowered buildings, or Contaminate may cause inaccurate times.
  • Supply counts are checked every 10 seconds.